cohdb
Replays
Latest Replays
All Replays
Popular Replays
Top Player Replays
Match Explorer
How It Works
Community
CoH3 Stats
Reddit
Sign in to upload your games and track your stats! →
Sign in with Steam
Match 41707506
Unlisted
Match 41707506
Overview
Messages
Build Orders
End
Royal Engineer Section
Construct Section Command Post
Dingo Light Scout Car
Selects Canadian Shock Battlegroup
Infantry Section
Infantry Section
Selects Attacking Spirit
Selects Canadian Shock Section
Construct Platoon Command Post
Canadian Shock Section
Humber Armored Car
Selects Incendiary Munitions
Construct Company Command Post
Selects Pyrotechnics
Canadian Shock Section
Matilda II Heavy Tank
Selects Point Assault
BloodSpark
CAD4
Cerberus
KiLLiNP4K
PhoneyMcRing
MZMZ
jerjawe
Доминик Декоко
0
0
Comments
sign in to comment!
No comments posted yet!